Map: 벨시르 잔재 (공허)

Players

Solar - Winner!

  • Race: Zerg Zerg
  • Spawn Location: 11:00

herO

  • Race: Protoss Protoss
  • Spawn Location: 5:00

Event: IEM XI Katowice - World Championship 2017

VOD

Have the link to the VOD?

Description

Time

  • Played on: March 2, 2017, 8:26 a.m.
  • Length: 9:12

All games in this series

Show
View Real Time Build Order
Export as new Build Order

Solar Zerg - Winner!

Build Orders: Hatch First 

Get SALT Encoding   

  12  0:01  Drone  
  13  0:12  Overlord  
  13  0:18  Drone  
  14  0:31  Drone x2  
  16  0:44  Drone  
  17  0:52  Hatchery  
  17  0:55  Drone  
  17  0:59  Drone  
  18  1:05  Extractor  
  17  1:15  Spawning Pool  
  17  1:18  Drone  
  17  1:22  Drone  
  18  1:28  Drone  
  19  1:40  Overlord  
  19  1:50  Drone  
  20  2:02  Queen  
  20  2:03  Drone  
  20  2:04  Queen  
  20  2:05  Zergling x2  
  26  2:09  Metabolic Boost  
  26  2:15  Drone  
  27  2:17  Zergling x2  
  27  2:22  Drone  
  29  2:35  Hatchery  
  28  2:38  Drone  
  28  2:43  Drone  
  30  2:45  Drone  
  30  2:48  Overlord  
  31  2:52  Drone  
  31  2:54  Drone  
  33  2:59  Drone  
  33  3:04  Drone  
  35  3:10  Drone x2  
  35  3:11  Drone x2  
  39  3:13  Queen  
  39  3:16  Drone  
  42  3:20  Overlord  
  42  3:22  Drone  
  42  3:23  Drone  
  44  3:31  Roach Warren  
  44  3:32  Drone  
  44  3:39  Drone x2  
  44  3:41  Extractor, Drone x2  
  47  3:42  Drone x2  
  47  3:47  Lair  
  49  3:49  Drone  
  49  3:51  Drone  
  49  3:54  Drone  
  52  3:58  Overlord  
  52  4:00  Spore Crawler, Drone  
  52  4:03  Spore Crawler  
  52  4:06  Spore Crawler  
  52  4:07  Drone  
  52  4:09  Drone  
  52  4:12  Roach  
  52  4:14  Roach  
  52  4:15  Drone  
  52  4:17  Drone  
  58  4:19  Roach  
  58  4:23  Roach  
  58  4:24  Roach  
  64  4:26  Overlord  
  64  4:28  Roach  
  64  4:30  Extractor  
  65  4:31  Drone  
  65  4:34  Overlord  
  66  4:40  Overlord  
  66  4:45  Roach x4  
  74  4:47  Overseer  
  74  4:53  Drone x2  
  74  4:54  Drone x2  
  74  4:56  Drone x2  
  74  4:58  Drone x3  
  83  5:01  Drone x2  
  83  5:06  Drone  
  86  5:10  Queen  
  88  5:14  Glial Reconstitution  
  88  5:16  Drone  
  88  5:18  Overlord  
  89  5:22  Extractor  
  89  5:24  Overlord, Roach  
  89  5:26  Overlord  
  90  5:29  Overlord  
  90  5:33  Roach  
  90  5:34  Overlord  
  90  5:35  Overseer  
  90  5:36  Overlord  
  90  5:38  Roach x3  
  90  5:39  Roach  
  97  5:44  Roach  
  97  5:49  Ravager  
  100  5:51  Roach  
  100  5:52  Zergling x4  
  104  5:57  Zergling x2  
  104  6:01  Overlord  
  104  6:02  Roach  
  104  6:03  Roach x4  
  115  6:08  Roach x2  
  115  6:09  Zergling x2  
  120  6:14  Ravager  
  120  6:17  Zergling x4  
  123  6:21  Zergling x8  
  123  6:23  Queen x2  
  123  6:25  Queen, Ravager  
  132  6:28  Overlord  
  132  6:29  Zergling x6  
  132  6:32  Ravager  
  137  6:33  Zergling x10  
  141  6:40  Ravager  
  141  6:41  Zergling x4  
  141  6:42  Zergling x2  
  141  6:45  Ravager  
  146  6:53  Roach x3  
  146  6:59  Zergling x10, Ravager  
  146  7:00  Zergling x2  
  153  7:03  Evolution Chamber  
  153  7:06  Overlord x2  
  153  7:08  Zergling x2  
  153  7:09  Overlord  
  153  7:12  Extractor, Ravager  
  153  7:13  Overlord  
  153  7:14  Overlord  
  153  7:16  Overlord  
  153  7:19  Overlord  
  153  7:23  Overlord  
  153  7:24  Overlord  
  153  7:30  Roach  
  153  7:32  Roach x3  
  153  7:33  Ravager  
  157  7:38  Roach x2  
  157  7:39  Zergling x4  
  157  7:42  Roach x4  
  169  7:44  Roach  
  169  7:48  Zergling x2  
  168  7:54  Roach x2  
  168  7:57  Roach  
  163  8:03  Roach  
  143  8:07  Roach x3  
  143  8:11  Roach  
  143  8:12  Roach x4  
  143  8:17  Roach  
  143  8:18  Roach  
  146  8:24  Ravager  
  146  8:25  Ravager  
  146  8:26  Overseer  
  146  8:27  Zergling x4  
  149  8:30  Zergling x2  
  149  8:31  Ravager  
  149  8:32  Hatchery  
  151  8:36  Roach x2  
  151  8:40  Roach x3  
  159  8:43  Roach x2  
  159  8:44  Roach  
  159  8:47  Zergling x2, Roach  
  159  8:48  Zergling x2  
  169  8:51  Zergling x6  
  169  8:52  Ravager  
  134  9:11  Ravager x2  
Show
View Real Time Build Order
Export as new Build Order

herO Protoss 

Build Orders: 1 Gate Expand, Zealot Archon, Dark Templar Rush 

Get SALT Encoding   

  12  0:00  Probe (Chrono Boost)  
  13  0:11  Probe (Chrono Boost)  
  14  0:18  Pylon  
  14  0:22  Probe (Chrono Boost)  
  15  0:36  Probe (Chrono Boost)  
  15  0:38  Gateway  
  16  0:46  Probe (Chrono Boost)  
  16  0:48  Assimilator  
  18  0:57  Probe (Chrono Boost)  
  18  1:07  Probe (Chrono Boost)  
  19  1:18  Probe (Chrono Boost)  
  20  1:24  Nexus  
  20  1:35  Cybernetics Core  
  20  1:37  Probe (Chrono Boost)  
  21  1:42  Assimilator  
  21  1:47  Probe (Chrono Boost)  
  21  1:53  Pylon  
  22  1:58  Probe (Chrono Boost)  
  23  2:11  Warp Gate, Adept, Probe (Chrono Boost)  
  26  2:22  Probe (Chrono Boost)  
  27  2:30  Twilight Council  
  27  2:32  Probe (Chrono Boost)  
  27  2:36  Probe (Chrono Boost)  
  29  2:43  Probe (Chrono Boost)  
  30  2:47  Probe (Chrono Boost)  
  31  2:51  Robotics Facility  
  31  2:53  Probe (Chrono Boost)  
  31  2:57  Probe (Chrono Boost)  
  33  3:04  Probe (Chrono Boost)  
  34  3:08  Probe (Chrono Boost)  
  34  3:09  Dark Shrine  
  35  3:13  Gateway  
  35  3:15  Probe (Chrono Boost)  
  35  3:18  Probe (Chrono Boost)  
  37  3:25  Gateway  
  37  3:29  Gateway  
  37  3:32  Probe (Chrono Boost)  
  39  3:34  Probe (Chrono Boost)  
  39  3:35  Warp Prism  
  41  3:43  Probe (Chrono Boost)  
  41  3:46  Probe (Chrono Boost)  
  41  3:48  Assimilator  
  43  3:50  Assimilator  
  43  3:53  Pylon  
  43  3:55  Probe (Chrono Boost)  
  44  3:58  Probe (Chrono Boost)  
  45  4:03  Pylon  
  45  4:05  Probe (Chrono Boost)  
  46  4:12  Probe (Chrono Boost)  
  46  4:16  Probe (Chrono Boost)  
  48  4:22  Probe (Chrono Boost)  
  49  4:25  Dark Templar x4  
  49  4:27  Probe (Chrono Boost)  
  49  4:29  Archon x2  
  49  4:30  Observer  
  58  4:37  Blink  
  59  4:41  Pylon  
  59  4:48  Nexus  
  59  4:54  Immortal  
  63  5:09  Gateway x2  
  63  5:22  Gateway  
  63  5:23  Gateway  
  63  5:31  Sentry x2  
  63  5:34  Pylon  
  67  5:37  Pylon  
  67  5:49  Pylon  
  67  5:52  Pylon  
  67  5:53  Sentry x2  
  67  5:54  Sentry  
  67  5:56  Stalker  
  79  5:57  Pylon  
  75  6:15  Stalker  
  75  6:16  Probe x3 (Chrono Boost), Stalker x5  
  90  6:19  Stalker  
  90  6:20  Zealot  
  94  6:29  Probe x3 (Chrono Boost)  
  99  6:40  Stalker x3  
  99  6:41  Probe x3 (Chrono Boost)  
  104  6:49  Immortal  
  104  6:53  Probe x2 (Chrono Boost)  
  108  6:58  Probe (Chrono Boost)  
  109  7:05  Robotics Bay  
  109  7:07  Probe x2 (Chrono Boost)  
  111  7:10  Assimilator, Probe (Chrono Boost)  
  112  7:19  Probe (Chrono Boost)  
  115  7:23  Zealot x4  
  115  7:26  Zealot  
  115  7:28  Zealot  
  122  7:31  Stalker  
  124  7:40  Pylon  
  124  7:41  Pylon  
  107  7:53  Dark Templar x3  
  107  7:55  Zealot x5  
  115  8:00  Archon  
  101  8:15  Pylon  
  101  8:21  Stalker x5  
  101  8:22  Stalker x2  
  115  8:46  Stalker x5  
  125  8:50  Pylon  
  125  9:01  Stalker x2  

Tags
 
Add a new tag
Caveats
  • Supply blocks, unpowered buildings, or Contaminate may cause inaccurate times.
  • Supply counts are checked every 10 seconds.